 Dungeon Crawl Stone Soup version 0.21-a0-584-g185da8e (webtiles) character file.

188 Bluekicks the Conjurer (level 5, 0/40 HPs)
             Began as a Draconian Conjurer on Dec 21, 2017.
             Slain by a jelly (1 damage)
             ... on level 3 of the Dungeon.
             The game lasted 00:49:51 (3154 turns).

Bluekicks the Conjurer (Draconian Conjurer)         Turns: 3154, Time: 00:49:51

Health: 0/40       AC:  1    Str: 11    XL:     5   Next: 39%
Magic:  10/10      EV: 11    Int: 16    God:
Gold:   146        SH:  6    Dex: 11    Spells: 3/10 levels left

rFire    + . .     SeeInvis .   g - +4 flail
rCold    + . .     Gourm    .   o - +0 buckler
rNeg     . . .     Faith    .   (armour unavailable)
rPois    .         Spirit   .   (helmet restricted)
rElec    .         Reflect  +   (no cloak)
rCorr    .         Harm     .   (no gloves)
MR       .....                  (no boots)
Stlth    ++........             j - +3 amulet of reflection
HPRegen  0.13/turn              c - ring of wizardry
MPRegen  0.12/turn              k - ring of protection from fire

@: about to teleport, corroded
A: unfitting armour, stinger 1, cold resistance 1, cold-blooded, AC +5
a: no special abilities


You were on level 3 of the Dungeon.
You were not hungry.

You visited 1 branch of the dungeon, and saw 4 of its levels.

You collected 146 gold pieces.

Inventory:

Hand Weapons
 f - a +0 falchion of slicing
 g - a +4 flail (weapon)
 q - a +0 club
 t - a +0 hunting sling
 v - a +0 blowgun
Missiles
 e - 40 bolts
 h - 37 arrows
 l - 4 javelins (quivered)
 p - 16 poisoned needles
 u - 9 stones
Armour
 o - a +0 buckler (worn)
Jewellery
 c - a ring of wizardry (left hand)
 j - a +3 amulet of reflection (around neck)
 k - a ring of protection from fire (right hand)
Scrolls
 d - a scroll of remove curse
 i - a scroll of identify
 n - a scroll of amnesia
 r - 3 scrolls of teleportation
 s - a scroll of enchant armour
Potions
 m - a potion of agility
Books
 a - a book of Conjurations

   Spells                             Type                      Level
   a - Magic Dart                     Conjuration                  1
   b - Searing Ray                    Conjuration                  2
   c - Dazzling Spray                 Conjuration/Hexes            3
   d - Fulminant Prism                Conjuration/Hexes            4
   e - Force Lance                    Conjuration/Translocation    4
   f - Iskenderun's Mystic Blast      Conjuration                  4
Comestibles
 b - 6 rations


   Skills:
 + Level 1.5 Fighting
 + Level 2.4 Dodging
 + Level 2.4 Stealth
 + Level 3.3 Spellcasting
 + Level 5.0 Conjurations


You had 3 spell levels left.
You knew the following spells:

 Your Spells              Type           Power        Failure   Level  Hunger
a - Magic Dart            Conj           ###.         1%          1    None
b - Searing Ray           Conj           ###...       2%          2    ##.....
c - Fulminant Prism       Conj/Hex       ##........   38%         4    ####...


Dungeon Overview and Level Annotations

Branches:
Dungeon (4/15)
 Temple: D:4-7

Altars:
Okawaru


Innate Abilities, Weirdness & Mutations

Your plain brown scales are hard. (AC +5)
You cannot fit into any form of body armour.
You are cold-blooded and may be slowed by cold attacks.
Your tail ends in a poisonous barb.
Your flesh is cold resistant. (rC+)


Message History

You are splashed with acid!
The acid burns!
You hit the howler monkey but do no damage.
The howler monkey hits you. The howler monkey hits you! The jelly hits you.
* * * LOW HITPOINT WARNING * * *
You are splashed with acid!
The acid burns!
* * * LOW HITPOINT WARNING * * *
You sock the howler monkey!
Your tail-slap misses the howler monkey.
The howler monkey is heavily wounded.
You block the howler monkey's attack. You block the jelly's attack.
The howler monkey hoots and howls with incredible vigour!
As you read the scroll of teleportation, it crumbles to dust.
You feel strangely unstable. The jelly barely misses you.
The howler monkey closely misses you.
You hit the jelly.
Your hands burn!
* * * LOW HITPOINT WARNING * * *
The jelly is moderately wounded.
The jelly closely misses you. You block the howler monkey's attack.
The jelly hits you.
You die...

.....#######..##.#
.....####........#
........#........#
..#####.#........#
..# #.#........#
..#
#.#........########
###
#.'...............#
#
###......J.######.#
# ########@# #...#
# #.# #h# #.### #
###.#####.# #.# #
#.......#.# #.# #
#.#.###.#.# #.# #
#.#<....#.# #.# #
#.#######.# #.# #
#.........# #.# #
########### #.#


You could see a howler monkey and a jelly.

Vanquished Creatures
  The ghost of RedSky the Grave Robber, a weakling DsNe (D:3)
  An orc wizard (D:3)
  4 adders
  A worm (D:2)
  4 dart slugs
  3 leopard geckos
  3 orcs (D:3)
  2 ball pythons
  6 giant cockroaches
  9 goblins
  7 hobgoblins
  9 kobolds
  A quokka (D:2)
  7 bats (D:1)
  4 frilled lizards
  5 rats
67 creatures vanquished.

Vanquished Creatures (others)
  2 fulminant prisms (D:3)
2 creatures vanquished.

Grand Total: 69 creatures vanquished

Notes
Turn   | Place    | Note
-------+----------+-------------------------------------------
     0 | D:1      | Bluekicks the Draconian Conjurer began the quest for the Orb.
     0 | D:1      | Reached XP level 1. HP: 14/14 MP: 3/3
   140 | D:1      | Reached XP level 2. HP: 13/20 MP: 3/5
   144 | D:1      | Learned a level 2 spell: Searing Ray
   815 | D:1      | Reached XP level 3. HP: 26/26 MP: 5/7
  1100 | D:1      | Gained mutation: You are clumsy. (Dex -2) [potion of mutation]
  1100 | D:1      | Gained mutation: You have sharp toenails. [potion of mutation]
  1100 | D:1      | Gained mutation: Your muscles are strong. (Str +2) [potion of mutation]
  1101 | D:1      | Lost mutation: You have sharp toenails. [potion of mutation]
  1101 | D:1      | Lost mutation: Your muscles are strong. (Str +2) [potion of mutation]
  1101 | D:1      | Lost mutation: You are clumsy. (Dex -2) [potion of mutation]
  1101 | D:1      | Gained mutation: Your flesh is cold resistant. (rC+) [potion of mutation]
  1101 | D:1      | Gained mutation: Your tail ends in a poisonous barb. [potion of mutation]
  1634 | D:2      | Reached XP level 4. HP: 33/33 MP: 3/8
  2104 | D:3      | Noticed RedSky's ghost (weakling DsNe)
  2111 | D:3      | Killed RedSky's ghost
  2111 | D:3      | Reached skill level 1 in Fighting
  2425 | D:3      | Reached skill level 5 in Conjurations
  2425 | D:3      | Reached XP level 5. HP: 40/40 MP: 2/9
  2732 | D:3      | Learned a level 4 spell: Fulminant Prism
  2819 | D:3      | Found an iron altar of Okawaru.
  3081 | D:4      | Noticed an ogre
  3154 | D:3      | HP: 1/40 [acid (2)]
  3154 | D:3      | Slain by a jelly

Vault maps used:
D:1:      minmay_arrival_four_houses
D:2:      kennysheep_generic_room_13
D:3:      overflow_temple_1_default
D:4:      corexii_shack_village

Skill      XL: |  1  2  3  4 |
---------------+-------------+-----
Spellcasting   | 3 |  3.3
Stealth        | 2 |  2.4
Fighting       | 1 |  1.5
Dodging        | 2 |  2.4
Conjurations   | 5 |  5.0

Action                   |  1- 3 |  4- 6 || total
-------------------------+-------+-------++-------
Melee: Dagger            |    18 |       ||    18
       Unarmed           |     3 |       ||     3
       Tailslap          |     4 |     2 ||     6
       Short sword       |    17 |       ||    17
       Flail             |     5 |    23 ||    28
Throw: Javelin           |     8 |    11 ||    19
 Cast: Magic Dart        |    64 |    20 ||    84
       Searing Ray       |     7 |     7 ||    14
       Fulminant Prism   |       |     2 ||     2
  Use: Scroll            |     2 |     7 ||     9
       Potion            |     2 |     5 ||     7
  Eat: Chunk             |     3 |     2 ||     5
       Ration            |       |     1 ||     1
Armor: Skin              |    18 |     8 ||    26
Dodge: Dodged            |    38 |    31 ||    69
Block: Buckler           |       |    18 ||    18

Table legend:
 A = Spawn XP
 B = Non-spawn XP
 C = Spawn XP percentage of total XP
 D = Spawn monster count
 E = Non-spawn monster count
 F = Spawn count percentage of total count
 G = Total turns spent on level
                    A         B        C        D         E        F      G
               +---------+---------+-------+---------+---------+-------+---------
         Total |       0 |     269 |   0.0 |       0 |      67 |   0.0 |  3154
               +---------+---------+-------+---------+---------+-------+---------
           D:1 |       0 |      55 |   0.0 |       0 |      32 |   0.0 |  1119
           D:2 |       0 |      47 |   0.0 |       0 |      14 |   0.0 |   804
           D:3 |       0 |     167 |   0.0 |       0 |      21 |   0.0 |  1227
               +---------+---------+-------+---------+---------+-------+---------
